 Dungeon Crawl Stone Soup version 0.22-a0-406-g9ff8d77 (webtiles) character file.

60 Borgoz the Skirmisher (level 4, -7/40 HPs)
             Began as a Hill Orc Abyssal Knight on May 8, 2018.
             Was a Follower of Lugonu.
             Mangled by Natasha (8 damage)
             ... on level 2 of the Dungeon.
             The game lasted 00:03:04 (2049 turns).

Borgoz the Skirmisher (Hill Orc Abyssal Knight)     Turns: 2049, Time: 00:03:06

Health: -7/40      AC:  3    Str: 14    XL:     4   Next: 4%
Magic:  6/6        EV: 11    Int: 12    God:    Lugonu [*.....]
Gold:   33         SH:  0    Dex: 11    Spells: 3/3 levels left

rFire    . . .     SeeInvis .   a - +1 hand axe
rCold    . . .     Gourm    .   (no shield)
rNeg     . . .     Faith    .   b - +0 leather armour
rPois    .         Spirit   .   (no helmet)
rElec    .         Reflect  .   (no cloak)
rCorr    .         Harm     .   (no gloves)
MR       .....                  (no boots)
Stlth    +.........             (no amulet)
HPRegen  0.13/turn              (no ring)
MPRegen  0.10/turn              (no ring)

@: lethally poisoned (-7 -> -9)
A: no striking features
a: Depart the Abyss, Renounce Religion


You were on level 2 of the Dungeon.
You worshipped Lugonu.
Lugonu was aware of your devotion.
You were hungry.

You visited 1 branch of the dungeon, and saw 2 of its levels.
You visited the Abyss 1 time.

You collected 33 gold pieces.

Inventory:

Hand Weapons
 a - a +1 hand axe (weapon)
Armour
 b - a +0 leather armour (worn)
 g - a +2 shield
 h - a +2 pair of boots
Jewellery
 j - a cursed amulet of harm {unknown}
Scrolls
 d - a scroll of magic mapping {unknown}
 i - a scroll of blinking {unknown}
 k - 2 scrolls of remove curse {unknown}
Comestibles
 c - 3 rations


   Skills:
 + Level 4.1 Fighting
 + Level 3.4 Axes
 + Level 2.8 Armour
 + Level 1.4 Dodging
 + Level 3.2 Invocations


You had 3 spell levels left.
You didn't know any spells.

Dungeon Overview and Level Annotations

Branches:
Dungeon (2/15)

Altars:

Annotations:
D:2 Natasha, Sigmund


Message History

You aren't carrying any potions.
You closely miss Natasha.
Natasha is moderately wounded.
* * * LOW HITPOINT WARNING * * *
You feel sick. Natasha barely misses you.
The hobgoblin shouts!
You hit Natasha.
Natasha is severely wounded.
Natasha barely misses you.
You closely miss Natasha.
Natasha is severely wounded.
Natasha closely misses you.
The goblin shouts!
You hit Natasha.
Natasha is severely wounded.
* * * LOW HITPOINT WARNING * * *
You feel sick.
You hear a shout!
Natasha claws you!
You die...

##...#.#. !.. #
....#... g. )##
......# .% #..#
.....## g##...
......##....###
..?......g....#
#........# .#
#.###5.#.##.#
#..@hg......#
#..#..###.....####.#
#..................#
####..###.....####.
#..# #.#<### #..
#..# #.#.# ##..
#......#.# #...
........### #...
.##.#..## #...


You could see Natasha, a shadow imp and 2 goblins.

Vanquished Creatures
  2 adders (D:2)
  An ooze (D:1)
  5 dart slugs (D:1)
  A giant cockroach (D:1)
  3 hobgoblins
  A jackal (D:2)
  4 bats
  A frilled lizard (D:1)
  2 goblins (D:1)
  7 kobolds
  5 rats
32 creatures vanquished.

Notes
Turn   | Place    | Note
-------+----------+-------------------------------------------
     0 | Abyss:1  | Borgoz the Hill Orc Abyssal Knight began the quest for the Orb.
     0 | Abyss:1  | Reached XP level 1. HP: 19/19 MP: 2/2
     7 | Abyss:2  | Found a corrupted altar of Lugonu.
    49 | Abyss:2  | Noticed a ynoxinul
    56 | D:1      | Escaped the Abyss
   486 | D:1      | Reached skill level 1 in Dodging
   486 | D:1      | Reached XP level 2. HP: 24/27 MP: 4/4
   809 | D:1      | Reached * piety under Lugonu
   898 | D:1      | Reached XP level 3. HP: 19/33 MP: 5/5
  1060 | D:1      | Reached skill level 4 in Fighting
  1352 | D:2      | Noticed Natasha
  1362 | D:2      | HP: 1/33 [Natasha (5)]
  1767 | D:2      | Noticed Sigmund
  2043 | D:2      | Reached XP level 4. HP: 21/40 MP: 6/6
  2044 | D:2      | HP: 2/40 [goblin/dagger (2)]
  2049 | D:2      | HP: 1/40 [poisoned by an adder]
  2049 | D:2      | Mangled by Natasha

Vault maps used:
D:1:      nicolae_arrival_somewhat_less_tricky_arrival, nrook_loot_triangle
D:2:      nicolae_tso_carved_into_rock, marbit_many_paths, first_ration,
          st_stairs_1, minmay_pentomino_w4, uniq_sigmund, uniq_jessica,
          uniq_natasha

Skill      XL: |  1  2  3 |
---------------+----------+-----
Dodging        | 1 |  1.4
Axes           | 3 |  3.4
Fighting       | 4 |  4.1
Invocations    | 3 |  3.2
Armour         | |  2.8

Action                   |  1- 3 |  4- 6 || total
-------------------------+-------+-------++-------
Melee: Hand axe          |   117 |     5 ||   122
Invok: Depart the Abyss  |     1 |       ||     1
  Use: Scroll            |     1 |       ||     1
       Potion            |     1 |       ||     1
  Eat: Chunk             |     3 |       ||     3
Armor: Leather armour    |    30 |       ||    30
Dodge: Dodged            |    85 |     3 ||    88

Table legend:
 A = Spawn XP
 B = Non-spawn XP
 C = Spawn XP percentage of total XP
 D = Spawn monster count
 E = Non-spawn monster count
 F = Spawn count percentage of total count
 G = Total turns spent on level
                    A         B        C        D         E        F      G
               +---------+---------+-------+---------+---------+-------+---------
         Total |       0 |      86 |   0.0 |       0 |      32 |   0.0 |  2049
               +---------+---------+-------+---------+---------+-------+---------
           D:1 |       0 |      50 |   0.0 |       0 |      23 |   0.0 |  1660
           D:2 |       0 |      36 |   0.0 |       0 |       9 |   0.0 |   333
               +---------+---------+-------+---------+---------+-------+---------
